Map: Odyssey LE

Players

HonkyOfDeath

  • Race: Terran Terran
  • League: Platinum
  • Spawn Location: 11:00

MeinFloW - Winner!

  • Race: Terran Terran
  • League: Platinum
  • Spawn Location: 5:00

VOD

Have the link to the VOD?

Description

Time

  • Played on: Jan. 3, 2018, 3:36 p.m.
  • Length: 17:55
Show
View Real Time Build Order
Export as new Build Order

HonkyOfDeath Terran 

Build Orders:  

Get SALT Encoding   

  12  0:02  SCV  
  13  0:15  SCV  
  13  0:20  Supply Depot  
  14  0:28  SCV  
  15  0:46  Barracks  
  15  0:55  Barracks  
  15  0:57  SCV  
  16  1:08  Supply Depot  
  16  1:17  Supply Depot  
  16  1:18  SCV  
  17  1:34  Barracks  
  17  1:44  Barracks  
  17  1:50  Marine  
  18  2:02  Marine  
  18  2:08  Marine  
  20  2:20  Marine  
  21  2:26  Marine  
  22  2:38  Marine  
  22  2:42  Refinery  
  22  2:44  Supply Depot, Marine  
  23  2:48  Engineering Bay  
  23  2:49  Marine  
  26  2:56  Marine  
  26  3:02  Marine  
  26  3:03  SCV  
  26  3:04  Marine  
  29  3:07  Marine  
  30  3:14  Marine  
  30  3:19  Marine  
  31  3:24  Marine  
  31  3:25  Marine  
  34  3:32  Marine  
  34  4:05  Marine  
  32  4:24  Marine x4  
  25  4:42  Marine x4  
  25  4:45  Planetary Fortress  
  28  4:51  Refinery  
  28  4:59  Marine  
  26  5:00  Marine x3  
  30  5:17  Marine x2  
  30  5:18  Marine x2  
  31  5:35  Marine x3  
  30  5:36  Marine  
  31  5:53  Marine x4  
  24  6:14  Factory  
  24  6:17  Command Center  
  18  6:42  Bunker  
  18  6:48  Marine  
  19  6:57  SCV  
  19  6:59  Widow Mine  
  22  7:06  Marine  
  23  7:21  Widow Mine  
  23  7:22  Starport  
  25  7:24  Marine  
  25  7:29  Missile Turret  
  26  7:32  Marine  
  27  7:42  Marine  
  27  7:50  Marine  
  28  8:00  Marine  
  28  8:02  Planetary Fortress  
  28  8:05  Starport  
  29  8:08  Marine  
  30  8:19  Starport  
  30  8:22  Armory  
  30  8:23  Widow Mine  
  30  8:26  Marine  
  33  8:40  SCV  
  34  8:44  Marine  
  35  8:54  SCV  
  36  8:59  SCV  
  36  9:02  Marine  
  38  9:11  Command Center, SCV  
  38  9:12  Marine  
  40  9:17  Starport Reactor  
  40  9:19  Marine  
  41  9:32  Starport Tech Lab  
  41  9:35  Starport Tech Lab  
  41  9:41  Missile Turret  
  41  9:59  SCV  
  42  10:02  SCV  
  43  10:12  SCV  
  44  10:15  SCV  
  45  10:24  SCV  
  45  10:25  Terran Ship Weapons Level 1  
  45  10:27  Banshee, SCV  
  50  10:29  Supply Depot, Cloaking Field  
  50  10:34  Factory Reactor  
  50  10:37  Marine x2  
  50  10:39  SCV  
  53  10:50  Supply Depot  
  53  10:51  SCV  
  54  10:59  Refinery  
  54  11:03  Banshee  
  57  11:05  Viking  
  58  11:30  Banshee  
  58  11:32  Viking  
  53  11:34  Viking  
  53  11:35  Widow Mine  
  57  11:50  Banshee  
  57  11:54  SCV  
  61  12:06  SCV  
  62  12:09  SCV  
  62  12:15  Refinery  
  63  12:18  SCV  
  63  12:21  SCV  
  65  12:29  Banshee  
  65  12:30  SCV  
  65  12:31  Viking  
  65  12:33  Command Center  
  71  12:42  SCV  
  72  12:50  Banshee  
  75  12:51  Viking  
  75  12:54  SCV  
  78  13:00  SCV  
  78  13:04  Viking  
  79  13:06  SCV  
  79  13:11  Starport  
  79  13:12  Banshee  
  83  13:24  Orbital Command  
  83  13:25  Starport  
  83  13:34  Viking  
  83  13:35  Viking  
  87  13:45  Missile Turret  
  87  13:50  Planetary Fortress  
  87  14:00  SCV  
  88  14:05  Refinery  
  88  14:06  SCV  
  89  14:12  SCV  
  89  14:16  Starport Tech Lab  
  90  14:22  Banshee x2  
  90  14:23  Viking  
  98  14:26  Starport Reactor  
  98  14:32  Supply Depot  
  98  14:35  Viking  
  98  14:38  Supply Depot, Banshee  
  100  14:44  Refinery  
  102  14:47  Refinery  
  91  15:05  Banshee x2  
  46  15:59  Banshee x2  
  22  16:42  Banshee  
Show
View Real Time Build Order
Export as new Build Order

MeinFloW Terran - Winner!

Build Orders:  

Get SALT Encoding   

  12  0:01  SCV  
  13  0:18  Supply Depot, SCV  
  14  0:30  SCV  
  15  0:42  SCV  
  16  0:43  Barracks  
  16  0:48  Refinery  
  16  0:54  SCV  
  17  1:06  SCV  
  18  1:18  SCV  
  19  1:30  SCV  
  20  1:33  Reaper  
  21  1:40  Command Center  
  21  1:51  Supply Depot  
  21  2:05  Barracks  
  21  2:13  Orbital Command  
  21  2:23  Factory  
  21  2:43  Barracks Reactor  
  21  2:47  SCV  
  21  2:50  Refinery  
  22  2:53  Orbital Command  
  22  2:56  Barracks Tech Lab  
  22  2:59  SCV  
  23  3:10  Widow Mine  
  23  3:23  Marine x2  
  23  3:24  Marine  
  26  3:41  Marine x3  
  29  3:59  Marine x3  
  29  4:00  Refinery  
  28  4:03  Refinery  
  28  4:04  Barracks  
  28  4:10  Bunker  
  23  4:29  Supply Depot  
  23  4:34  Marine  
  23  4:36  Marine  
  23  4:37  Marine  
  21  4:49  SCV  
  21  4:51  Supply Depot  
  21  4:52  Supply Depot  
  23  5:07  Marine  
  22  5:24  Marine  
  23  5:32  Reaper, Marine  
  25  5:42  Marine  
  24  5:49  Marine  
  25  5:54  SCV  
  21  6:00  Marine  
  21  6:04  Marine  
  22  6:06  SCV  
  22  6:07  Marine  
  25  6:18  Marine, SCV  
  25  6:21  Marine  
  28  6:31  SCV  
  29  6:40  Barracks  
  29  6:42  Barracks  
  29  6:43  SCV  
  30  6:55  SCV  
  30  6:57  Barracks Reactor  
  31  7:06  Marine  
  31  7:07  SCV  
  33  7:24  Marine  
  33  7:27  SCV  
  35  7:33  Combat Shields  
  35  7:36  Marine x2  
  37  7:37  Marine  
  37  7:39  SCV  
  39  7:45  Marine  
  38  7:54  Marine  
  39  8:03  Command Center  
  39  8:06  Supply Depot  
  39  8:12  Marine x4  
  43  8:21  Factory  
  43  8:29  Marine x3  
  43  8:31  SCV  
  47  8:44  Barracks Tech Lab  
  47  8:48  SCV  
  47  8:53  Stimpack  
  48  9:01  SCV  
  49  9:03  Barracks Reactor  
  49  9:05  Factory Tech Lab  
  49  9:12  Starport  
  49  9:14  SCV  
  49  9:15  Marine x2  
  49  9:16  Marine  
  52  9:26  Siege Tank, SCV  
  56  9:33  Marine  
  57  9:40  Orbital Command  
  57  9:41  SCV  
  58  9:53  SCV  
  58  9:59  Siege Tank  
  62  10:05  SCV  
  63  10:09  SCV  
  63  10:10  Barracks Reactor  
  64  10:17  Medivac, SCV  
  67  10:21  SCV  
  67  10:28  Medivac  
  70  10:32  Command Center  
  70  10:35  Supply Depot  
  70  10:47  Supply Depot  
  70  10:56  Marine x4  
  78  10:57  Siege Tank, SCV  
  78  10:58  SCV  
  78  11:09  SCV  
  78  11:10  SCV  
  80  11:14  Marine  
  80  11:21  SCV  
  80  11:22  Marine x2, SCV  
  74  11:33  SCV  
  74  11:34  SCV  
  74  11:36  Marine x2  
  74  11:38  Medivac  
  74  11:39  Marine  
  80  11:40  Marine  
  80  11:45  SCV  
  82  11:51  Siege Tank  
  85  11:54  Marine  
  85  11:56  Engineering Bay, Marine  
  85  11:57  Marine  
  85  12:00  SCV  
  89  12:01  Supply Depot  
  89  12:05  SCV  
  89  12:06  SCV  
  91  12:16  Marine x2  
  91  12:18  SCV  
  91  12:20  Supply Depot, SCV  
  91  12:21  SCV  
  96  12:34  Marine, Terran Infantry Weapons Level 1  
  97  12:37  Missile Turret  
  97  12:39  SCV x2  
  99  12:49  Liberator x2  
  99  12:53  SCV  
  99  12:54  SCV x2  
  99  12:58  Missile Turret  
  102  13:04  Marine  
  102  13:05  Marine x2, SCV  
  105  13:08  Siege Tank  
  115  13:19  Refinery x2  
  115  13:21  Missile Turret  
  115  13:24  Marine  
  115  13:25  Marine  
  117  13:30  Supply Depot  
  117  13:31  Supply Depot  
  117  13:47  Supply Depot  
  117  13:48  Supply Depot  
  117  13:49  Supply Depot  
  117  13:50  Orbital Command  
  117  13:51  Marine x4  
  121  13:58  Medivac x2  
  121  14:02  Command Center  
  125  14:07  SCV x2  
  125  14:09  Marine x2  
  131  14:12  Barracks Reactor  
  131  14:15  Barracks Reactor  
  129  14:19  SCV x2  
  131  14:24  Siege Tank  
  131  14:28  Marine x2  
  136  14:46  Marine x2  
  138  14:56  Siege Tank  
  141  15:01  Marine x4  
  141  15:04  Marine x2  
  135  15:18  Marine  
  135  15:19  Marine x3  
  139  15:21  Marine  
  139  15:22  Marine  
  138  15:36  Marine x2  
  138  15:40  Marine x2  
  138  15:41  Marine x2  
  131  15:54  Marine x2  
  126  15:58  Marine x3  
  108  16:20  Marine x4  
  108  16:21  Marauder x2  
  108  16:23  SCV x3  
  119  16:26  SCV  
  119  16:30  Medivac x2  
  119  16:31  Siege Tank  
  124  16:35  SCV x3  
  124  16:38  Marine x4, SCV  
  127  16:42  Marauder x2  
  120  16:47  SCV x2  
  116  16:55  Marine x2  
  117  17:03  Siege Tank, Marauder  
  117  17:05  Marine x3  
  125  17:13  Marine x2  
Tags
 
Matchup
TvT
Race
Terran
Spawn Locations
Cross Positions
Add a new tag
Caveats
  • Supply blocks, unpowered buildings, or Contaminate may cause inaccurate times.
  • Supply counts are checked every 10 seconds.